 Dungeon Crawl Stone Soup version 0.25.1-2-g60ff931df9 (webtiles) character file.

Game seed: 10051484838215213828

374 Ijustatesigmund the Chopper (level 6, -3/44 HPs)
             Began as an Octopode Fighter on Sept 15, 2020.
             Slain by an ogre
             ... wielding a +0 giant club
              (23 damage)
             ... on level 4 of the Dungeon.
             The game lasted 00:07:27 (5163 turns).

Ijustatesigmund the Chopper (Octopode Fighter)      Turns: 5163, Time: 00:07:28

Health: -3/44      AC:  1    Str: 16    XL:     6   Next: 72%
Magic:  6/6        EV: 12    Int: 10    God:
Gold:   192        SH:  9    Dex: 13    Spells: 5/5 levels left

rFire    . . .     SeeInvis .   a - +0 war axe
rCold    . . .     Gourm    .   b - +0 kite shield
rNeg     . . .     Faith    .   (helmet restricted)
rPois    .         Spirit   .   o - amulet of the acrobat
rElec    .         Reflect  .   (no ring)
rCorr    .         Harm     .   (no ring)
MR       .....                  (no ring)
Stlth    ++........             (no ring)
HPRegen  0.14/turn              (no ring)
MPRegen  0.10/turn              (no ring)
                                (no ring)
                                (no ring)

@: no status effects
A: almost no armour, stealthy swim, amphibious, 8 rings, constrict 8, camouflage
1, gelatinous body 1
a: no special abilities


You were on level 4 of the Dungeon.
You were not hungry.

You visited 1 branch of the dungeon, and saw 4 of its levels.

You collected 192 gold pieces.

Inventory:

Hand Weapons
 a - a +0 war axe (weapon)
Missiles
 e - 23 poisoned darts (quivered)
Armour
 b - a +0 kite shield (worn)
Jewellery
 k - an uncursed ring of fire
 o - an amulet of the acrobat (around mantle)
Scrolls
 f - 2 scrolls of identify
 h - a scroll of teleportation {unknown}
 j - 4 scrolls of remove curse
 m - a scroll of blinking {unknown}
 n - a scroll of magic mapping
 r - a scroll of fear {unknown}
 s - a scroll of amnesia
Potions
 c - a potion of might
 g - a potion of resistance
 i - a potion of magic
 l - 2 potions of flight
 q - 2 potions of curing
Comestibles
 d - 9 rations
 p - 5 chunks of flesh


   Skills:
 + Level 4.6 Fighting
 * Level 5.6 Axes
 - Level 3.0 Dodging
 - Level 3.5 Shields


You had 5 spell levels left.
You didn't know any spells.
Your spell library was empty.

Dungeon Overview and Level Annotations

Branches:
Dungeon (4/15)
 Temple: D:4-7

Altars:


Innate Abilities, Weirdness & Mutations

You cannot wear most types of armour.
You are very stealthy in the water. (Stealth+)
You are amphibious.
You can wear up to eight rings at the same time.
You can use your tentacles to constrict eight enemies at once.
Your skin changes colour to match your surroundings (Stealth+).
Your rubbery body absorbs attacks. (AC +1, EV +1)


Message History

Press: ? - help, Shift-Dir - straight line, f/p - ogre
Aim: an ogre, wielding a +0 giant club (lightly wounded, very poisoned)
You throw a poisoned dart.
The poisoned dart closely misses the ogre.
You see here a +0 giant club.
Throwing (i - inventory)
e - 24 poisoned darts (quivered)
Press: ? - help, Shift-Dir - straight line, f/p - ogre
Aim: an ogre, wielding a +0 giant club (heavily wounded, poisoned)
You throw a poisoned dart. The poisoned dart hits the ogre.
The ogre looks even sicker.
The ogre is heavily wounded.
You barely miss the ogre.
The ogre is severely wounded.
The ogre hits you with a +0 giant club!!
Ouch! That really hurt!
You barely miss the ogre.
The ogre is severely wounded.
The ogre hits you with a +0 giant club!!
Ouch! That really hurt!
You die...

#.####.#############
#.# ..# #.# #.#
######.####### #.#
..>##......... #.#
#####......... #.#
....'......... #.#
#####......... #.#
#####################.#
#..(O@.........#
#.##############
#########.# ..........#
..........# ..........#
##..........#
.((...((....#
##..........#


You could see an ogre (very poisoned).

Vanquished Creatures
  An ogre (D:4)
  An orc priest (D:4)
  An orc wizard (D:4)
  A hound zombie (D:3)
  A howler monkey skeleton (D:4)
  7 adders
  An ooze (D:4)
  3 worms
  A dart slug (D:2)
  7 leopard geckos
  14 orcs
  9 giant cockroaches
  10 goblins
  11 hobgoblins
  5 jackals
  A quokka (D:3)
  8 bats
  3 frilled lizards
  10 kobolds
  15 rats
110 creatures vanquished.

Notes
Turn   | Place    | Note
-------+----------+-------------------------------------------
     0 | D:1      | Ijustatesigmund the Octopode Fighter began the quest for
                  | the Orb.
     0 | D:1      | Reached XP level 1. HP: 16/16 MP: 1/1
   222 | D:1      | Reached XP level 2. HP: 17/21 MP: 2/2
   470 | D:1      | Reached skill level 3 in Axes
   482 | D:1      | Reached XP level 3. HP: 26/26 MP: 3/3
  1454 | D:2      | Reached XP level 4. HP: 20/31 MP: 4/4
  2539 | D:3      | Reached skill level 4 in Axes
  2570 | D:3      | Reached XP level 5. HP: 36/37 MP: 5/5
  4618 | D:4      | Reached skill level 5 in Axes
  4618 | D:4      | Reached XP level 6. HP: 43/43 MP: 6/6
  5163 | D:4      | Slain by an ogre

Illustrated notes

Levels and vault maps discovered:
D:1:      dpeg_arrival_radiant, layout_basic
D:2:      layout_basic
D:3:      minmay_razor_zed, layout_basic, chequers_serial_rivers_small_a,
          item_on_display_a
D:4:      layout_basic, first_ration

Skill      XL: |  1  2  3  4  5 |
---------------+----------------+-----
Axes           | 3 4 5 |  5.6
Fighting       | 4 |  4.6
Dodging        | |  3.0
Shields        | |  3.5

Action                   |  1- 3 |  4- 6 || total
-------------------------+-------+-------++-------
Melee: War axe           |    71 |   119 ||   190
       Constrict         |    17 |    32 ||    49
       Tentacles         |    10 |    18 ||    28
       Whip              |       |     3 ||     3
Throw: Dart              |       |    13 ||    13
  Use: Scroll            |       |     8 ||     8
       Potion            |       |     3 ||     3
 Stab: Sleeping          |     8 |     8 ||    16
  Eat: Chunk             |     2 |    11 ||    13
Armor: Skin              |    10 |     9 ||    19
Dodge: Dodged            |    35 |    46 ||    81
Block: Kite shield       |    27 |    57 ||    84
